 Dungeon Crawl Stone Soup version 0.17.2-1-ge4368a0 (webtiles) character file.

3 Goblin1989 the Vexing (level 1, 0/13 HPs)
             Began as a Human Enchanter on Apr 24, 2017.
             Slain by a giant cockroach (2 damage)
             ... on level 1 of the Dungeon.
             The game lasted 00:01:30 (103 turns).

Goblin1989 the Vexing (Human Enchanter)              Turns: 103, Time: 00:01:31

Health: 0/13       AC:  5    Str:  8    XL:     1   Next: 55%
Magic:  3/3        EV: 12    Int: 15    God:
Gold:   0          SH:  0    Dex: 13    Spells: 1 memorised, 3 levels left

rFire  . . .     SeeInvis .     a - +1 dagger
rCold  . . .     Clarity  .     b - +1 robe
rNeg   . . .     SustAt   .     (no shield)
rPois  .         Gourm    .     h - +1 helmet
rElec  .         Spirit   .     (no cloak)
rCorr  .         Warding  .     (no gloves)
rMut   .         Stasis   .     (no boots)
MR     .....                    (no amulet)
Stlth  ++........               (no ring)
                                (no ring)

@: not resistant to hostile enchantments, unstealthy
A: no striking features
a: no special abilities


You were on level 1 of the Dungeon.
You were not hungry.

You visited 1 branch of the dungeon, and saw 2 of its levels.

Inventory:

Hand Weapons
 a - a +1 dagger (weapon)
Armour
 b - a +1 robe (worn)
 h - a +1 helmet (worn)
Scrolls
 d - a scroll of blinking {unknown}
 f - a scroll of magic mapping {unknown}
Books
 c - a book of Maledictions

   Spells                             Type                      Level
   a - Corona                         Hexes                        1
   b - Ensorcelled Hibernation        Hexes/Ice                    2
   c - Confuse                        Hexes                        3
   d - Tukima's Dance                 Hexes                        3
   e - Dazzling Spray                 Conjuration/Hexes            3
Comestibles
 e - a bread ration {@e1}
 g - 5 fruits


   Skills:
 * Level 1.5 Short Blades
 - Level 2.0 Dodging
 + Level 3.0 Stealth
 - Level 2.0 Spellcasting
 - Level 3.0 Hexes


You had 3 spell levels left.
You knew the following spells:

 Your Spells              Type           Power        Failure   Level  Hunger
a - Corona                Hex            ##.....      8%          1    #......


Dungeon Overview and Level Annotations

Branches:
Dungeon (2/15)

Altars:


Message History

The goblin shouts!
Casting: Corona
Confirm with . or Enter, or press ? or * to list all spells.
Aiming: Corona
Press: ? - help, Shift-Dir - straight line, f - goblin
Aim: a goblin, wielding a dagger (chance to defeat MR: 81%)
The goblin is outlined in light.
You now have 2/3 mp.
The goblin hits you but does no damage.
You hit the goblin.
The goblin is heavily wounded.
The goblin hits you with a dagger.
You take 1 damage, and have 12/13 hp.
You completely miss the goblin.
The goblin is moderately wounded.
The goblin hits you with a dagger.
You take 1 damage, and have 11/13 hp.
You barely miss the goblin.
The goblin is moderately wounded.
The goblin hits you with a dagger.
You take 4 damage, and have 7/13 hp.
MASSIVE DAMAGE!!
You hit the goblin.
You kill the goblin!
Things that are here:
a dagger; a goblin corpse Unknown command.
d - a scroll labeled GUNEROLIRPH
Things that are here:
a dagger; a goblin corpse MP restored: 3 A giant newt comes into view.
You see here a scroll labeled CYATWERGH MOTOAR.
f - a scroll labeled CYATWERGH MOTOAR A rat and a goblin come into view.
A giant cockroach comes into view.
The giant newt bites you.
You take 1 damage, and have 7/13 hp.
You hit the giant newt.
You kill the giant newt!
The giant cockroach barely misses you.
You closely miss the giant cockroach.
The giant cockroach bites you but does no damage.
You hit the giant cockroach.
The giant cockroach is lightly wounded.
The giant cockroach bites you but does no damage.
The rat closely misses you.
You closely miss the giant cockroach.
The giant cockroach is lightly wounded.
The giant cockroach bites you. The rat bites you.
* * * LOW HITPOINT WARNING * * *
The giant cockroach bites you.
* * * LOW HITPOINT WARNING * * *
You take 3 damage, and have 4/13 hp.
MASSIVE DAMAGE!!
A goblin comes into view. It is wielding a club.
The goblin shouts!
You see here a spear.
The goblin closely misses you.
Found a stone staircase leading down.
The rat twitches its whiskers.
There is a stone staircase leading down here.
The goblin hits you with a club.
* * * LOW HITPOINT WARNING * * *
You climb downwards.
A goblin comes into view.
There is a stone staircase leading up here.
You take 1 damage, and have 4/13 hp.
Casting: Corona
Confirm with . or Enter, or press ? or * to list all spells.
Aiming: Corona
Press: ? - help, Shift-Dir - straight line, f - goblin
Aim: a goblin, wielding a club (chance to defeat MR: 81%)
The goblin is outlined in light.
The goblin misses you.
You now have 2/3 mp.
You hit the goblin.
You kill the goblin!
The helpless goblin fails to defend itself.
You puncture the goblin!
You kill the goblin!
g - 5 fruits MP restored: 3 You open the door.
There is an open door here.
h - a runed helmet Wear which item? (? for menu, Esc to quit)
You start putting on your armour.
You continue putting on your runed helmet. x4
You finish putting on your +1 helmet.
You see here a club.
There is a stone staircase leading up here.
You climb upwards.
The giant cockroach bites you but does no damage.
The goblin hits you with a dagger.
* * * LOW HITPOINT WARNING * * *
The giant cockroach bites you but does no damage.
The goblin misses you.
There is a stone staircase leading down here.
You take 4 damage, and have 1/13 hp.
MASSIVE DAMAGE!!
The giant cockroach misses you.
You open the door. The giant cockroach bites you.
You die...

.......!....██.......██
....!.......█████......
.......................
.......................
.......................
..........██...........
.......r.>.▲...........
..██.s...█........... .
█@██..█.......████
█∆██........... .
...█........███ ..
....█........
█....█.......
██...........
█████...████


You could see a giant cockroach and a rat.

Vanquished Creatures
  3 goblins
  A giant newt (D:1)
4 creatures vanquished.

Notes
Turn   | Place    | Note
--------------------------------------------------------------
     0 | D:1      | Goblin1989 the Human Enchanter began the quest for the Orb.
     0 | D:1      | Reached XP level 1. HP: 13/13 MP: 3/3
   103 | D:1      | Slain by a giant cockroach

Action                   || total
-------------------------++-------
Melee: Dagger            ||    10
 Cast: Corona            ||     2
 Stab: Sleeping          ||     1

Vault maps used:
D:1:      ncdulo_lavacross, kennysheep_small_spiral
D:2:      kennysheep_the_goblin_king, uniq_jessica
